 Dungeon Crawl Stone Soup version 0.32-a0-872-g59262bdc9b (webtiles) character file.

Game seed: 14736957499536942213

46 funkygono the Firebug (level 3, -3/19 HPs)
             Began as a Deep Elf Fire Elementalist on Mar 30, 2024.
             Slain by Terence
             ... wielding a +0 flail
              (8 damage)
             ... on level 2 of the Dungeon.
             The game lasted 00:02:29 (984 turns).

funkygono the Firebug (Deep Elf Fire Elementalist)   Turns: 984, Time: 00:02:30

Health: -3/19      AC:  2    Str:  5    XL:     3   Next: 44%
Magic:  5/10       EV: 11    Int: 21    God:
Gold:   56         SH:  0    Dex: 15    Spells: 6/9 levels left

rFire   . . .        c - +2 dagger (venom)
rCold   . . .        (no shield)
rNeg    . . .        a - +0 robe
rPois   .            (no helmet)
rElec   .            g - scarf {harm}
rCorr   .            (no gloves)
SInv    .            (no boots)
Will    .....        (no amulet)
Stlth   ++           (no ring)
HPRegen 0.23/turn    (no ring)
MPRegen 0.12/turn

%: harm (+30% outgoing, +20% incoming)
@: no status effects
A: no striking features
a: no special abilities


You were on level 2 of the Dungeon.
You visited 1 branch of the dungeon, and saw 2 of its levels.

You collected 56 gold pieces.

Inventory:

Hand Weapons
 c - a +2 dagger of venom (weapon)
Armour
 a - a +0 robe (worn)
 g - a scarf of harm (worn)
Scrolls
 d - a scroll of amnesia {unknown}
 f - a scroll of revelation {unknown}
Potions
 b - a potion of magic
 e - a potion of heal wounds {unknown}


   Skills:
 + Level 2.6 Dodging
 + Level 2.8 Stealth
 + Level 3.9 Spellcasting
 + Level 1.3 Conjurations
 + Level 4.1 Fire Magic


You had 6 spell levels left.
You knew the following spells:

 Your Spells              Type           Power      Damage    Failure   Level
a - Foxfire               Conj/Fire      60%        2x1d7     4%          1
b - Scorch                Fire           42%        2d6       3%          2

Your spell library contained the following spells:

 Spells                   Type           Power      Damage    Failure   Level
 Inner Flame              Hex/Fire       12%        N/A       16%         3
 Volatile Blastmotes      Fire/Tloc      24%        2d12      16%         3
 Flame Wave               Conj/Fire      15%        2d7       36%         4


Dungeon Overview and Level Annotations

Branches:
Dungeon (2/15)

Altars:

Annotations:
D:2 Terence


Message History

You kill the bat!
The foxfire hits the adder.
The adder is severely wounded.
Terence closely misses you.
Your Fire Magic skill increases to level 4!
Casting: Scorch (safe; 3% risk of failure)
Confirm with . or Enter, or press ? or * to list all spells.
You conjure some foxfire!
Terence is no longer more vulnerable to fire.
The adder closely misses you. The adder barely misses you.
Terence closely misses you.
Casting: Foxfire (safe; 4% risk of failure)
Confirm with . or Enter, or press ? or * to list all spells.
Flames lash the adder.
You kill the adder!
The foxfire hits Terence but does no damage.
Terence is lightly wounded.
The foxfire hits Terence.
Terence resists.
Terence is lightly wounded.
Terence hits you with a +0 flail! Magic courses through your body.
Terence screams, "I want your blood!" Terence hits you with a +0 flail.
* * * LOW HITPOINT WARNING * * *
Casting: Scorch (safe; 3% risk of failure)
Confirm with . or Enter, or press ? or * to list all spells.
Flames lash Terence.
Terence completely resists.
Terence completely misses you.
Casting: Scorch (safe; 3% risk of failure)
Confirm with . or Enter, or press ? or * to list all spells.
Flames lash the goblin.
You kill the goblin!
Terence misses you.
Unknown command.
Casting: Scorch (safe; 3% risk of failure)
Confirm with . or Enter, or press ? or * to list all spells.
Flames lash Terence.
Terence resists.
Terence is lightly wounded.
Terence's fire resistance burns away.
Terence hits you with a +0 flail!
You die...
Terence says, "That felt goooood."

.# ...†##
#..). ..#.#v
...###### #
#......#
######.###..##
#....@@)....#
#.###
#.###.###....
#.... #.# ##
#...## ... #.
# ..# # #>..
#... #...


You could see Terence (combustible).

Vanquished Creatures
  2 adders (D:2)
  A dart slug (D:2)
  A ball python (D:2)
  2 bats
  3 endoplasms
  2 giant cockroaches
  3 goblins
  2 hobgoblins (D:1)
  2 quokkas
  A kobold (D:1)
  3 rats
22 creatures vanquished.

Vanquished Creatures (others)
  59 foxfires
59 creatures vanquished.

Grand Total: 81 creatures vanquished

Notes
Turn   | Place    | Note
-------+----------+-------------------------------------------
     0 | D:1      | funkygono the Deep Elf Fire Elementalist began the quest
                  | for the Orb.
     0 | D:1      | Reached XP level 1. HP: 10/10 MP: 6/6
   505 | D:1      | Reached XP level 2. HP: 14/15 MP: 5/8
   512 | D:1      | Learned a level 2 spell: Scorch
   863 | D:2      | Reached XP level 3. HP: 17/19 MP: 3/10
   972 | D:2      | Noticed Terence
   979 | D:2      | Reached skill level 4 in Fire Magic
   984 | D:2      | Slain by Terence

Illustrated notes

Levels and vault maps discovered:
D:1:      dpeg_arrival_rooms_b, layout_loops_cross
D:2:      minmay_spotlight, layout_loops_cross, uniq_terence

Skill      XL: |  1  2  3 |
---------------+----------+-----
Fire Magic     | 4 |  4.1
Dodging        | |  2.6
Stealth        | |  2.8
Spellcasting   | |  3.9
Conjurations   | |  1.3

Action                     || total
---------------------------++-------
  Melee: Dagger            ||     1
   Cast: Foxfire           ||    37
         Scorch            ||    10
    Use: Potion            ||     1
 Armour: Robe              ||     7
  Dodge: Dodged            ||    14

Table legend: (Time is in decaauts)
 A = Elapsed time spent in this place.
 B = Non-inter-level travel time spent in this place.
 C = Inter-level travel time spent in this place.
 D = Time resting spent in this place.
 E = Time spent auto-exploring this place.
 F = Levels seen in this place.
 G = Mean time per level.
                   A        B        C        D        E       F      G
               +--------+--------+--------+--------+--------+-----+--------+
         Total |    983 |    969 |     14 |      0 |    829 |   2 |  491.5 |
       Dungeon |    983 |    969 |     14 |      0 |    829 |   2 |  491.5 |
               +--------+--------+--------+--------+--------+-----+--------+

Top non-repeatable levels by time:
     D:1: 770 daAuts
     D:2: 212 daAuts
